 Dungeon Crawl Stone Soup version 0.31.0-9-g3a7656b989 (webtiles) character file.

Game seed: 3230623592692080125

1773 qw the Skirmisher (level 8, -2/46 HPs)
             Began as a Deep Elf Hunter on Feb 2, 2024.
             Slain by Pikel
             ... wielding a +0 whip of freezing
              (3 damage)
             ... on level 7 of the Dungeon.
             The game lasted 00:00:36 (4695 turns).

qw the Skirmisher (Deep Elf Hunter)                 Turns: 4695, Time: 00:00:37

Health: -2/46      AC: 10    Str: 10    XL:     8   Next: 80%
Magic:  10/10      EV: 12    Int: 15    God:
Gold:   402        SH:  5    Dex: 18    Spells: 7/7 levels left

rFire   . . .        d - +0 orcbow
rCold   . . .        (shield currently unavailable)
rNeg    + . .        m - +2 ring mail
rPois   +            e - +2 hat
rElec   .            i - +0 cloak {rPois}
rCorr   +            (no gloves)
SInv    .            (no boots)
Will    .....        h - amulet of reflection
Stlth   +            b - ring of resist corrosion
HPRegen 0.27/turn    g - ring of positive energy
MPRegen 0.12/turn

%: reflection
@: no status effects
A: no striking features
a: no special abilities


You were on level 7 of the Dungeon.
You visited 2 branches of the dungeon, and saw 8 of its levels.

You collected 402 gold pieces.


   Skills:
 - Level 3.2 Fighting
 + Level 13.8 Ranged Weapons
 - Level 2.1 Armour
 - Level 4.3 Dodging
 - Level 1.2 Stealth


You had 7 spell levels left.
You didn't know any spells.
Your spell library was empty.

Inventory:

Hand Weapons
 d - a +0 orcbow (weapon)
Armour
 e - a +2 hat (worn)
 i - a +0 cloak of poison resistance (worn)
 m - a +2 ring mail (worn)
Jewellery
 b - a ring of resist corrosion (left hand)
 g - a ring of positive energy (right hand)
 h - an amulet of reflection (around neck)
 l - an amulet of magic regeneration
Wands
 k - a wand of flame (28)
Scrolls
 j - 2 scrolls of identify
Potions
 a - a potion of enlightenment
 c - a potion of mutation
 f - a potion of resistance
 n - a potion of curing

Dungeon Overview and Level Annotations

Branches:
Dungeon (7/15)             Temple (1/1) D:4

Altars:
Ashenzari
Cheibriados
Elyvilon
Fedhas
Gozag
Hepliaklqana
Kikubaaqudgha
Nemelex Xobeh
Qazlal
Ru
Sif Muna
Trog
Uskayaw
Vehumet
Wu Jian
Xom
Yredelemnul
Zin
The Shining One

Annotations:
D:4 2 runed translucent doors, qw's ghost, amateur DEHu
D:7 Pikel


Message History

4685 ||| RETREEEEATING.
Pikel attacks as he pursues you! Pikel closely misses you.
There is an open door here.
You shoot an arrow. The arrow hits Pikel!
Pikel is severely wounded.
Pikel hits you with a +0 whip of freezing.
Pikel freezes you.
You shoot an arrow. The arrow hits Pikel!
Pikel is severely wounded.
The lemure barely misses you.
Pikel hits you with a +0 whip of freezing.
Pikel freezes you.
You shoot an arrow. The arrow closely misses Pikel.
The arrow barely misses the lemure.
The lemure hits you but does no damage. Pikel closely misses you.
You shoot an arrow. The arrow closely misses Pikel.
The arrow completely misses the lemure.
The lemure completely misses you. Pikel barely misses you.
You shoot an arrow. The arrow closely misses Pikel.
The lemure hits you but does no damage. You block Pikel's attack.
You shoot an arrow. The arrow misses Pikel.
The lemure barely misses you.
You shoot an arrow.
The arrow hits Pikel but does no damage.
Pikel is severely wounded.
You block Pikel's attack. The lemure hits you but does no damage.
You shoot an arrow. The arrow hits Pikel.
Pikel is almost dead.
Pikel hits you with a +0 whip of freezing.
Pikel freezes you.
You shoot an arrow. The arrow closely misses Pikel.
The lemure hits you but does no damage.
Pikel hits you with a +0 whip of freezing!
Pikel freezes you.
You shoot an arrow. The arrow barely misses Pikel.
The lemure hits you but does no damage.
Pikel hits you with a +0 whip of freezing!
Pikel freezes you.
You die...
Pikel says, "See you in Hell!"

######....#....##...##...#
######.....+....#...#
#....##....#...#
####+##....#...#
#..........#...# .
#..........#...# ..
#....#######...# .K
#....##...##...# #5
####@##...%...>#
###..###.K5##........#
.......#.55..........#
.....5.'.............#
.......#.............#
######################


You could see Pikel and 3 lemures.

Vanquished Creatures
  A steam dragon (D:6)
  An ice beast (D:7)
  2 centaurs
  A lemure (D:7)
  A kobold brigand (D:6)
  A bullfrog (D:5)
  3 scorpions
  A gnoll sergeant (D:6)
  5 wights (D:6)
  2 bombardier beetles (D:5)
  2 howler monkeys (D:7)
  A jelly (D:6)
  An orc priest (D:6)
  A gnoll bouda (D:4)
  A hound (D:5)
  Jessica (D:2)
  4 orc wizards
  3 iguanas
  6 adders
  8 gnolls
  A white imp (D:6)
  2 ufetubi (D:5)
  A ribbon worm (D:3)
  2 dart slugs
  23 orcs
  7 ball pythons
  5 endoplasms
  4 giant cockroaches
  6 goblins
  5 hobgoblins
  6 jackals
  4 quokkas
  9 bats
  4 frilled lizards
  14 kobolds
  A rat (D:3)
140 creatures vanquished.

Notes
Turn   | Place    | Note
-------+----------+-------------------------------------------
     0 | D:1      | qw the Deep Elf Hunter began the quest for the Orb.
     0 | D:1      | Reached XP level 1. HP: 12/12 MP: 3/3
     0 | D:1      | 0 ||| qw: Version: 0.3-a-155-g5e7d8dd
     0 | D:1      | 0 ||| qw: Game counter: 2683
     0 | D:1      | 0 ||| qw: Melee chars always use a shield: true
     0 | D:1      | 0 ||| qw: God list: Okawaru
     0 | D:1      | 0 ||| qw: Allow faded altars: false
     0 | D:1      | 0 ||| qw: Do Orc after clearing Dungeon:15 true
     0 | D:1      | 0 ||| qw: Do second Lair branch before Depths: true
     0 | D:1      | 0 ||| qw: Lair rune preference: random
     0 | D:1      | 0 ||| qw: Goals: Normal
     0 | D:1      | 0 ||| PLANNING D:1-11
   122 | D:1      | Reached XP level 2. HP: 16/16 MP: 4/4
   126 | D:1      | Reached skill level 6 in Ranged Weapons
   187 | D:1      | You fall into a shaft and drop 1 floor!
   187 | D:2      | Found a hazy altar of Hepliaklqana.
   289 | D:2      | 289 ||| UPGRADING to +1 hat.
   294 | D:2      | 294 ||| READING scroll labelled JAKHEYHUCIZIASM.
   295 | D:2      | 295 ||| READING scroll labelled HIRAEP POME.
   295 | D:2      | 295 ||| ENCHANTING +1 hat.
   296 | D:2      | 296 ||| READING scroll labelled LAM VOUFOIPH.
   296 | D:2      | 296 ||| IDENTIFYING sedimented dark potion
   297 | D:2      | 297 ||| DROPPING scroll of butterflies.
   299 | D:2      | 299 ||| Stepping ~*~*~tactically~*~*~ (cloud).
   306 | D:2      | HP: 4/16 [poisoned by you (poison gas)]
   476 | D:1      | Found a faded altar of an unknown god.
   678 | D:1      | 678 ||| UPGRADING to ring of resist corrosion.
   679 | D:1      | 679 ||| UPGRADING to ring of positive energy.
   680 | D:1      | 680 ||| READING scroll labelled ZUUGUO GAKIME.
   681 | D:1      | 681 ||| READING scroll labelled ARUB PEAPTUTT.
   682 | D:1      | 682 ||| READING scroll labelled VOUGUES NEO.
   682 | D:1      | 682 ||| ENCHANTING +0 shortbow.
   767 | D:2      | Reached XP level 3. HP: 20/20 MP: 5/5
  1198 | D:2      | Noticed Jessica
  1199 | D:2      | Killed Jessica
  1200 | D:2      | Reached skill level 7 in Ranged Weapons
  1207 | D:2      | Reached XP level 4. HP: 25/25 MP: 6/6
  1262 | D:2      | 1262 ||| UPGRADING to amulet of reflection.
  1267 | D:2      | 1267 ||| READING 3 scrolls of identify.
  1267 | D:2      | 1267 ||| IDENTIFYING fuming purple potion
  1268 | D:2      | 1268 ||| READING 2 scrolls of identify.
  1268 | D:2      | 1268 ||| IDENTIFYING white potion
  1269 | D:2      | 1269 ||| READING scroll of identify.
  1269 | D:2      | 1269 ||| IDENTIFYING scroll labelled GUINKI UXIYRR
  1270 | D:2      | 1270 ||| READING scroll labelled IHEYXI NELEA.
  1312 | D:3      | 1312 ||| RETREEEEATING.
  1313 | D:3      | 1313 ||| RETREEEEATING.
  1314 | D:3      | 1314 ||| RETREEEEATING.
  1315 | D:3      | 1315 ||| RETREEEEATING.
  1315 | D:3      | Found a radiant altar of Vehumet.
  1316 | D:3      | 1316 ||| RETREEEEATING.
  1317 | D:3      | 1317 ||| RETREEEEATING.
  1318 | D:3      | 1318 ||| RETREEEEATING.
  1335 | D:3      | HP: 5/25 [adder (2)]
  1336 | D:3      | 1336 ||| READING scroll of teleportation.
  1337 | D:3      | 1337 ||| DRINKING potion of heal wounds.
  1488 | D:3      | Reached skill level 8 in Ranged Weapons
  1544 | D:3      | Found a shimmering altar of Xom.
  1559 | D:3      | Reached XP level 5. HP: 29/29 MP: 7/7
  1772 | D:3      | 1772 ||| UPGRADING to +0 scale mail.
  1782 | D:3      | 1782 ||| DROPPING +0 leather armour.
  1783 | D:3      | 1783 ||| UPGRADING to +0 ring mail.
  1793 | D:3      | 1793 ||| DROPPING +0 scale mail.
  1794 | D:3      | 1794 ||| READING scroll of enchant armour.
  1794 | D:3      | 1794 ||| ENCHANTING +0 ring mail.
  1795 | D:3      | 1795 ||| DROPPING amulet of regeneration.
  1796 | D:3      | 1796 ||| READING scroll labelled XERAFALLASK.
  1839 | D:4      | 1839 ||| READING scroll of enchant armour.
  1839 | D:4      | 1839 ||| ENCHANTING +1 ring mail.
  1933 | D:4      | Found a staircase to the Ecumenical Temple.
  1934 | D:4      | 1934 ||| PLANNING TEMPLE
  1934 | D:4      | 1934 ||| READING scroll of identify.
  1934 | D:4      | 1934 ||| IDENTIFYING sedimented brown potion
  1946 | D:4      | Reached skill level 9 in Ranged Weapons
  2040 | Temple   | Entered the Ecumenical Temple
  2041 | Temple   | 2041 ||| PLANNING D:1-11
  2130 | D:4      | Found a runed translucent door.
  2139 | D:4      | Noticed qw's ghost (amateur DEHu)
  2237 | D:4      | 2237 ||| DRINKING potion of curing.
  2237 | D:4      | 2237 ||| (to cure confusion)
  2238 | D:4      | 2238 ||| FLEEEEING.
  2241 | D:4      | 2241 ||| FLEEEEING.
  2242 | D:4      | 2242 ||| FLEEEEING.
  2243 | D:4      | 2243 ||| FLEEEEING.
  2244 | D:4      | 2244 ||| FLEEEEING.
  2245 | D:4      | 2245 ||| FLEEEEING.
  2260 | D:4      | Reached XP level 6. HP: 20/35 MP: 8/8
  2412 | D:4      | Reached skill level 10 in Ranged Weapons
  2417 | D:4      | 2417 ||| FLEEEEING.
  2419 | D:4      | 2419 ||| FLEEEEING.
  2420 | D:4      | 2420 ||| FLEEEEING.
  2421 | D:4      | 2421 ||| FLEEEEING.
  2422 | D:4      | 2422 ||| FLEEEEING.
  2423 | D:4      | 2423 ||| FLEEEEING.
  2424 | D:4      | 2424 ||| FLEEEEING.
  2488 | D:4      | 2488 ||| SWAPPING to +0 orcbow.
  2489 | D:4      | 2489 ||| DROPPING +1 shortbow.
  2719 | D:4      | Found a runed translucent door.
  2768 | D:4      | 2768 ||| READING 3 scrolls of identify.
  2768 | D:4      | 2768 ||| IDENTIFYING golden potion
  2769 | D:4      | 2769 ||| DROPPING potion of brilliance.
  2803 | D:5      | Entered Level 5 of the Dungeon
  2811 | D:5      | 2811 ||| STAIRDANCE
  2888 | D:5      | 2888 ||| STAIRDANCE
  2951 | D:5      | 2951 ||| STAIRDANCE
  2956 | D:4      | Reached skill level 3 in Dodging
  2962 | D:5      | 2962 ||| STAIRDANCE
  3000 | D:5      | Reached XP level 7. HP: 40/40 MP: 9/9
  3052 | D:5      | Identified the +1 leather armour of Purpose {rPois rN+++
                  | Str+3 Dex-3}
  3145 | D:5      | Reached skill level 11 in Ranged Weapons
  3476 | D:5      | 3476 ||| DROPPING +1 leather armour of Purpose {rPois rN+++
                  | Str+3 Dex-3}.
  3477 | D:5      | 3477 ||| UPGRADING to +0 cloak of poison resistance.
  3482 | D:5      | 3482 ||| READING 5 scrolls of identify.
  3482 | D:5      | 3482 ||| IDENTIFYING bubbling purple potion
  3483 | D:5      | 3483 ||| DROPPING potion of degeneration.
  3527 | D:6      | Noticed a steam dragon
  3535 | D:6      | Killed a steam dragon
  3536 | D:6      | 3536 ||| Stepping ~*~*~tactically~*~*~ (cloud).
  3604 | D:6      | Reached skill level 12 in Ranged Weapons
  3613 | D:6      | Reached XP level 8. HP: 45/45 MP: 10/10
  3628 | D:6      | Reached skill level 3 in Fighting
  4079 | D:6      | Found a hide-covered altar of Uskayaw.
  4309 | D:6      | Reached skill level 13 in Ranged Weapons
  4421 | D:6      | 4421 ||| DROPPING amulet of the acrobat.
  4422 | D:6      | 4422 ||| DROPPING ring of wizardry.
  4423 | D:6      | 4423 ||| READING 4 scrolls of identify.
  4423 | D:6      | 4423 ||| IDENTIFYING dark potion
  4424 | D:6      | 4424 ||| READING 3 scrolls of identify.
  4424 | D:6      | 4424 ||| IDENTIFYING scroll labelled LIRPHE WASAOSCH
  4425 | D:6      | 4425 ||| DROPPING scroll of vulnerability.
  4462 | D:7      | 4462 ||| STAIRDANCE
  4668 | D:7      | Noticed Pikel
  4675 | D:7      | 4675 ||| RETREEEEATING.
  4683 | D:7      | 4683 ||| RETREEEEATING.
  4685 | D:7      | 4685 ||| RETREEEEATING.
  4694 | D:7      | HP: 11/46 [Pikel/+0 whip of freezing (8)]
  4695 | D:7      | HP: 1/46 [Pikel/+0 whip of freezing (8)]
  4695 | D:7      | Slain by Pikel

Levels and vault maps discovered:
D:1:      amcnicky_arrival_feature_with_door, layout_basic,
          hellmonk_ecumenical_altar_lost_god
D:2:      layout_loops_ring, basic_altar, uniq_jessica
D:3:      layout_rooms, mainiacjoe_overflow_large_starburst
D:4:      layout_gridville, minmay_temple_entry_junction, ebering_ghost_sewer_f
D:5:      layout_rooms
D:6:      layout_gridville, nicolae_uskayaw_dance_studio
D:7:      lemuel_insect_pit, layout_gridville, uniq_pikel
Temple:   lightli_temple_of_artemis

Skill      XL: |  1  2  3  4  5  6  7  8 |
---------------+-------------------------+-----
Ranged Weapons | 6 7 8 9 10 12 13 | 13.8
Fighting       | 2 3 |  3.2
Dodging        | 3 4 |  4.3
Armour         | 2 |  2.1
Stealth        | |  1.2

Action                     |  1- 3 |  4- 6 |  7- 9 || total
---------------------------+-------+-------+-------++-------
   Fire: Shortbow          |   100 |   169 |       ||   269
         Orcbow            |       |    50 |   232 ||   282
    Use: Scroll            |     6 |    10 |     3 ||    19
         Potion            |       |     2 |       ||     2
 Armour: Leather armour    |    24 |    50 |       ||    74
         Ring mail         |       |    31 |    92 ||   123
  Dodge: Dodged            |    39 |    50 |    55 ||   144
  Block: Other             |       |    24 |    19 ||    43
         Reflection        |       |     1 |     1 ||     2

Table legend:
 A = Non-vault XP
 B = Vault XP
 C = Vault XP percentage of total XP
 D = Non-vault monster count
 E = Vault monster count
 F = Vault count percentage of total count
                 A         B        C        D         E       F
            +---------+---------+-------+---------+---------+-------
      Total |    2382 |     151 |   6.0 |     132 |       7 |   5.0
            +---------+---------+-------+---------+---------+-------
        D:1 |      33 |       0 |   0.0 |      19 |       0 |   0.0
        D:2 |      27 |      37 |  57.8 |      16 |       1 |   5.9
        D:3 |     121 |       0 |   0.0 |      29 |       0 |   0.0
        D:4 |     390 |       0 |   0.0 |      22 |       0 |   0.0
        D:5 |     469 |       0 |   0.0 |      15 |       0 |   0.0
        D:6 |     983 |     114 |  10.4 |      24 |       6 |  20.0
        D:7 |     359 |       0 |   0.0 |       7 |       0 |   0.0
            +---------+---------+-------+---------+---------+-------
